 Dungeon Crawl Stone Soup version 0.30-a0-367-g839099abd5 (webtiles) character file.

Game seed: 18430699136137905759

607 Bnni the Poker (level 7, -18/57 HPs)
             Began as a Formicid Fighter on Nov 18, 2022.
             Demolished by an ogre
             ... wielding a +0 giant spiked club
              (28 damage)
             ... on level 5 of the Dungeon.
             The game lasted 00:05:27 (3537 turns).

Bnni the Poker (Formicid Fighter)                   Turns: 3537, Time: 00:05:28

Health: -18/57     AC: 10    Str: 27 (28) XL:     7   Next: 71%
Magic:  0/7        EV:  8    Int:  7 (8)  God:
Gold:   298        SH:  5    Dex: 10 (13) Spells: 4/6 levels left

rFire   . . .      SeeInvis +    a - +0 trident
rCold   + . .      Faith    .    c - +0 buckler
rNeg    . . .      Spirit   +    h - +0 chain mail
rPois   .          Reflect  .    (helmet unavailable)
rElec   .          Harm     .    b - +0 cloak
rCorr   .          Rampage  .    (no gloves)
Will    .....                    (no boots)
Stlth   ..........               B - amulet of guardian spirit
HPRegen 0.29/turn                v - +6 ring of strength
MPRegen 0.10/turn                u - ring of protection from cold

@: no status effects
A: permanent stasis, dig shafts and tunnels, antennae 3, four strong arms
a: Dig, Shaft Self


You were on level 5 of the Dungeon.
You visited 1 branch of the dungeon, and saw 5 of its levels.

You collected 298 gold pieces.

Inventory:

Hand Weapons
 a - a +0 trident (weapon)
Missiles
 m - 13 poisoned darts (quivered)
Armour
 b - a +0 cloak (worn)
 c - a +0 buckler (worn)
 h - a +0 chain mail (worn)
Jewellery
 u - a ring of protection from cold (right hand)
 v - a +6 ring of strength (left hand)
 B - an amulet of guardian spirit (around neck)
Scrolls
 g - 2 scrolls of immolation {unknown}
 k - 2 scrolls of poison {unknown}
 l - 3 scrolls of teleportation {unknown}
 n - a scroll of enchant weapon {unknown}
 p - a scroll of blinking {unknown}
 r - 4 scrolls of identify {unknown}
 s - 2 scrolls of amnesia {unknown}
 t - a scroll of vulnerability {unknown}
 w - a scroll of torment {unknown}
 y - a scroll of noise {unknown}
 z - 2 scrolls of enchant armour {unknown}
 A - a scroll of brand weapon {unknown}
Potions
 d - a potion of might
 e - a potion of haste
 f - 2 potions of degeneration
 j - a potion of brilliance {unknown}
 o - a potion of flight
 q - 3 potions of heal wounds
 x - a potion of mutation {unknown}


   Skills:
 + Level 5.7 Fighting
 * Level 6.3 Polearms
 - Level 3.2 Armour
 - Level 5.0 Shields


You had 4 spell levels left.
You knew the following spells:

 Your Spells              Type           Power      Damage    Failure   Level
a - Wereblood             Tmut           0%         N/A       99%         2

Your spell library contained the following spells:

 Spells                   Type           Power      Damage    Failure   Level
 Beastly Appendage        Tmut           0%         N/A       98%         1
 Momentum Strike          Conj/Tloc      0%         3d8       99%         2
 Lesser Beckoning         Tloc           0%         N/A       100%        3
 Spider Form              Tmut/Pois      0%         N/A       100%        3
 Summon Guardian Golem    Hex/Summ       0%         N/A       100%        3
 Summon Lightning Spire   Summ/Air       0%         N/A       100%        4
 Orb of Destruction       Conj           0%         9d5       100%        7
 Spellforged Servitor     Conj/Summ      0%         N/A       100%        7
 Storm Form               Tmut/Air       0%         N/A       100%        7
 Maxwell's Capacitive Co  Air            0%         ∞         100%        8
 Blink                    Tloc           Unusable   N/A       N/A         2

Dungeon Overview and Level Annotations

Branches:
Dungeon (5/15)
 Temple: D:4-7

Altars:

Shops:
D:4 (


Innate Abilities, Weirdness & Mutations

You cannot be hasted, slowed, berserked, paralysed or teleported.
You can dig through walls and to a lower floor.
You have a pair of large antennae on your head. (SInv)
Your four strong arms can wield two-handed weapons with a shield.


Message History

You are starting to lose your buoyancy.
You start resting.
You float gracefully downwards.
Things that are here:
a +0 dagger; a +0 robe; an orc corpse
Items here: ))) [[ †.
You start resting.
Magic restored.
An ogre comes into view. It is wielding a +0 giant spiked club.
Things that are here:
a +0 dagger; a +0 robe; an orc corpse You start resting.
You sense a monster nearby.
You start resting.
An ogre is nearby!
An ogre is nearby!
The ogre shouts!
Okay, then.
Throw: 14 darts (poison)
Press: ? - help, Q - select action, (/) - cycle Shift-Dir - straight line, f - ogre
Aim: an ogre, wielding a +0 giant spiked club (73% to hit)
You throw a poisoned dart. The poisoned dart hits the ogre.
The ogre is poisoned.
Throw: 13 darts (poison)
Press: ? - help, Q - select action, (/) - cycle Shift-Dir - straight line, f - you
Okay, then.
Throw: 2 throwing nets
Press: ? - help, Shift-Dir - straight line, f/p - ogre
Aim: an ogre, wielding a +0 giant spiked club (lightly wounded, poisoned, 73% to hit)
You throw a throwing net.
The throwing net barely misses the ogre.
The ogre hits you with a +0 giant spiked club!!
* * * LOW HITPOINT WARNING * * *
Throw: throwing net
Press: ? - help, Shift-Dir - straight line, f/p - ogre
Aim: an ogre, wielding a +0 giant spiked club (lightly wounded, poisoned, 73% to hit)
You throw a throwing net.
The throwing net barely misses the ogre.
The ogre hits you with a +0 giant spiked club!!
You die...

...$########..........)
#...$.# #..#........
#.##..o.#####..#<#######
#.....S...........# #
#...###.#O...######
###...(............
#.).#.#.#....######
#)#O..#^...########
#.@........# #.....
##############.####
#.......... #..........
#.......... #..........
#.......... #..........
#..........


You could see an ogre (poisoned).

Vanquished Creatures
  An ice beast (D:4)
  A centaur (D:5)
  A scorpion (D:5)
  A jelly (D:3)
  2 orc priests (D:5)
  A gnoll bouda (D:5)
  2 orc wizards (D:5)
  5 gnolls (D:5)
  7 adders
  A shadow imp (D:5)
  A dart slug (D:2)
  8 orcs
  11 bats
  7 endoplasms
  2 giant cockroaches (D:1)
  4 goblins
  11 hobgoblins
  6 jackals (D:1)
  A quokka (D:3)
  6 ball pythons
  5 frilled lizards
  6 kobolds
  6 rats
96 creatures vanquished.

Notes
Turn   | Place    | Note
-------+----------+-------------------------------------------
     0 | D:1      | Bnni the Formicid Fighter began the quest for the Orb.
     0 | D:1      | Reached XP level 1. HP: 18/18 MP: 1/1
   144 | D:1      | Reached XP level 2. HP: 24/24 MP: 2/2
   300 | D:1      | Reached XP level 3. HP: 20/29 MP: 3/3
   673 | D:2      | Reached skill level 3 in Polearms
   703 | D:2      | Reached XP level 4. HP: 37/37 MP: 4/4
  1601 | D:3      | Reached XP level 5. HP: 42/42 MP: 5/5
  1735 | D:3      | Reached skill level 4 in Polearms
  1735 | D:3      | Reached skill level 5 in Shields
  2417 | D:4      | Noticed an ice beast
  2431 | D:4      | Killed an ice beast
  2432 | D:4      | Reached XP level 6. HP: 38/49 MP: 6/6
  2536 | D:4      | Learned a level 2 spell: Wereblood
  2735 | D:4      | Found Uroatyun's Antique Weapon Shop.
  2881 | D:5      | Entered Level 5 of the Dungeon
  2894 | D:5      | Reached skill level 5 in Fighting
  2894 | D:5      | Reached skill level 5 in Polearms
  3067 | D:5      | Reached XP level 7. HP: 21/56 MP: 4/7
  3445 | D:5      | Reached skill level 6 in Polearms
  3537 | D:5      | Demolished by an ogre

Illustrated notes

Levels and vault maps discovered:
D:1:      dpeg_arrival_tiny_c, layout_loops_cross
D:2:      layout_loops_ring
D:3:      layout_loops_corners, guppyfry_early_orc_mine
D:4:      layout_cave_pools, serial_shops, kennysheep_mini
D:5:      layout_basic, minmay_lizard_king

Skill      XL: |  1  2  3  4  5  6  7 |
---------------+----------------------+-----
Polearms       | 3 4 5 6 |  6.3
Fighting       | 4 5 |  5.7
Shields        | 5 |  5.0
Armour         | |  3.2

Action                   |  1- 3 |  4- 6 |  7- 9 || total
-------------------------+-------+-------+-------++-------
Melee: Trident           |    91 |   194 |    69 ||   354
Throw: Throwing net      |       |     1 |     2 ||     3
       Dart              |       |     2 |    10 ||    12
 Abil: Dig               |       |     1 |       ||     1
  Use: Potion            |       |     1 |     4 ||     5
 Stab: Held in net/web   |       |     1 |       ||     1
Armor: Scale mail        |     8 |       |       ||     8
       Chain mail        |    34 |   135 |    49 ||   218
Dodge: Dodged            |    20 |    66 |    23 ||   109
Block: Buckler           |    22 |    34 |    17 ||    73

Table legend: (Time is in decaauts)
 A = Elapsed time spent in this place.
 B = Non-inter-level travel time spent in this place.
 C = Inter-level travel time spent in this place.
 D = Time resting spent in this place.
 E = Time spent auto-exploring this place.
 F = Levels seen in this place.
 G = Mean time per level.
                   A        B        C        D        E       F      G
               +--------+--------+--------+--------+--------+-----+--------+
         Total |   3578 |   3327 |    251 |     41 |   2563 |   5 |  715.6 |
       Dungeon |   3578 |   3327 |    251 |     41 |   2563 |   5 |  715.6 |
               +--------+--------+--------+--------+--------+-----+--------+

Top non-repeatable levels by time:
     D:3: 1020 daAuts
     D:2: 736 daAuts
     D:1: 684 daAuts
     D:5: 660 daAuts
     D:4: 477 daAuts
